 Dungeon Crawl Stone Soup version 0.26.1-2-gb8aa6d0cf2 (webtiles) character file.

Game seed: 14720085400831294791

17754 DearestLeader the Impaler (level 12, -9/89 HPs)
             Began as a Merfolk Ice Elementalist on Mar 5, 2021.
             Was an Elder of Vehumet.
             Mangled by an eight-headed hydra (16 damage)
             ... on level 2 of the Lair of Beasts on Mar 6, 2021.
             The game lasted 00:33:57 (15905 turns).

DearestLeader the Impaler (MfIE)                   Turns: 15905, Time: 00:33:59

Health: -9/89      AC: 19    Str:  8    XL:     12   Next: 51%
Magic:  5/18       EV: 17    Int: 24    God:    Vehumet [****..]
Gold:   927        SH:  5    Dex: 16    Spells: 8/19 levels left

rFire    . . .     SeeInvis .   u - +2 trident (venom)
rCold    . . .     Faith    .   (no shield)
rNeg     . . .     Spirit   .   y - +1 leather armour {rPois}
rPois    +         Reflect  +   B - +1 helmet
rElec    .         Harm     .   f - +1 cloak
rCorr    .         Rampage  .   (no gloves)
Will     .....                  (no boots)
Stlth    ++........             t - amulet of reflection
HPRegen  0.24/turn              m - +6 ring of intelligence
MPRegen  0.16/turn              p - +4 ring of protection

@: icy armour, frozen ramparts
A: change form in water, swift swim, stealthy swim
a: Renounce Religion


You were on level 2 of the Lair of Beasts.
You worshipped Vehumet.
Vehumet was greatly pleased with you.
You visited 3 branches of the dungeon, and saw 13 of its levels.

You collected 927 gold pieces.

Inventory:

Hand Weapons
 b - a +2 glaive of venom
 u - a +2 trident of venom (weapon)
Missiles
 H - 20 poisoned darts
Armour
 f - a +1 cloak (worn)
 y - a +1 leather armour of poison resistance (worn)
 B - a +1 helmet (worn)
Jewellery
 a - a +4 ring of protection
 k - an uncursed ring of poison resistance {unknown}
 m - a +6 ring of intelligence (left hand)
 p - a +4 ring of protection (right hand)
 q - an uncursed ring of see invisible
 t - an amulet of reflection (around neck)
 E - an uncursed ring of ice
Wands
 F - a wand of acid (12)
 G - a wand of iceblast (11)
 K - a wand of enslavement (16)
Scrolls
 c - a scroll of blinking
 e - a scroll of amnesia
 g - a scroll of remove curse
 h - 3 scrolls of enchant armour
 i - 2 scrolls of enchant weapon
 n - 2 scrolls of magic mapping
 s - 4 scrolls of teleportation
 I - a scroll of acquirement {unknown}
 L - a scroll of random uselessness {unknown}
Potions
 d - 7 potions of curing
 j - a potion of invisibility {unknown}
 l - 4 potions of flight
 o - a potion of cancellation {unknown}
 r - 3 potions of lignification
 v - 2 potions of haste {unknown}
 w - a potion of might {unknown}
 x - a potion of ambrosia {unknown}
 z - a potion of mutation {unknown}
 A - 8 potions of heal wounds
 C - a potion of attraction {unknown}
 J - 3 potions of brilliance {unknown}


   Skills:
 + Level 6.9 Fighting
 - Level 20.0 Polearms
 + Level 8.8 Dodging
 - Level 2.1 Stealth
 - Level 4.1 Spellcasting
 * Level 10.1 Ice Magic


You had 8 spell levels left.
You knew the following spells:

 Your Spells              Type           Power        Failure   Level
a - Freeze                Ice            100%         1%          1
b - Frozen Ramparts       Ice            100%         1%          3
c - Ozocubu's Armour      Ice            52%          1%          3
d - Summon Ice Beast      Ice/Summ       29%          17%         4

Your spell library contained the following spells:

 Spells                   Type           Power        Failure   Level
 Ignite Poison            Fire/Tmut/Pois 4%           11%         3
 Foxfire                  Conj/Fire      16%          4%          1
 Hailstorm                Conj/Ice       29%          4%          4
 Conjure Flame            Conj/Fire      4%           11%         3
 Inner Flame              Hex/Fire       4%           11%         3
 Mephitic Cloud           Conj/Pois/Air  4%           11%         3
 Sting                    Tmut/Pois      16%          14%         1
 Poisonous Vapours        Pois/Air       8%           22%         2
 Olgreb's Toxic Radiance  Pois           4%           32%         4
 Sticky Flame             Conj/Fire      4%           32%         4
 Confusing Touch          Hex            4%           38%         3
 Gell's Gravitas          Tloc           2%           38%         3
 Metabolic Englaciation   Hex/Ice        14%          43%         5
 Fireball                 Conj/Fire      2%           65%         5
 Yara's Violent Unravell  Hex/Tmut       2%           65%         5
 Petrify                  Tmut/Erth      4%           80%         4


Dungeon Overview and Level Annotations

Branches:
Dungeon (10/15)            Temple (1/1) D:5            Lair (2/6) D:10
  Snake (0/4) Lair:2
  Swamp: Lair:2-4    Shoals: Lair:2-4       Orc: D:9-12

Altars:
Ashenzari
Cheibriados
Dithmenos
Elyvilon
Hepliaklqana
Kikubaaqudgha
Makhleb
Nemelex Xobeh
Okawaru
Qazlal
Ru
Sif Muna
Trog
Vehumet
Wu Jian
Yredelemnul
Zin

Annotations:
D:5 2 transporters, stripedtigrrr's ghost, weakling SpDe


Message History

Confirm with . or Enter, or press ? or * to list all spells.
Aiming: Freeze (safe; 1% risk of failure)
Press: ? - help, Shift-Dir - straight line, f/p - eight-headed hydra
Aim: an eight-headed hydra (severely wounded, slow)
You freeze the eight-headed hydra!
The eight-headed hydra is almost dead.
The eight-headed hydra seems to slow down.
The wall freezes the eight-headed hydra.
The eight-headed hydra bites you!
* * * LOW HITPOINT WARNING * * *
The eight-headed hydra bites you.
* * * LOW HITPOINT WARNING * * *
The eight-headed hydra bites you.
* * * LOW HITPOINT WARNING * * *
The eight-headed hydra completely misses you.
The eight-headed hydra bites you.
* * * LOW HITPOINT WARNING * * *
You block the eight-headed hydra's attack.
The eight-headed hydra bites you!
You die...

.................................
...........................).....
.................................
...............?.............<...
.....#...........................
.#...#.....#.......P.>...........
......#...#.....#................
..........#.....#D...............
................@................
.................................
.................................
.....#..................#........
.....##..................#.......
...##########.###.......###....##
##.# ### ######### ###### # ##


You could see an eight-headed hydra (slow).

Vanquished Creatures
  4 hydras
  A boulder beetle (Lair:2)
  A two-headed ogre (D:10)
  3 unseen horrors (D:10)
  Pikel (D:7)
  A cyclops (D:9)
  A deep elf mage (D:9)
  2 black mambas (Lair:2)
  2 cane toads
  A komodo dragon (Lair:1)
  An efreet (D:9)
  A rime drake (Lair:1)
  4 blink frogs (Lair:1)
  A wyvern (D:8)
  16 yaks
  A steam dragon (D:9)
  Menkaure (D:5)
  2 wargs (D:10)
  Duvessa (D:7)
  A floating eye (shapeshifter) (D:9)
  3 water moccasins
  A sky beast (D:7)
  A black bear (D:10)
  4 orc warriors
  2 ice beasts
  A phantom (D:9)
  3 wolves (Lair:2)
  5 ogres
  5 centaurs
  2 lemures (D:7)
  3 big kobolds
  6 bullfrogs
  Dowan (D:7)
  2 scorpions
  6 killer bees (D:7)
  9 wights
  6 howler monkeys
  A bullfrog zombie (D:9)
  2 centaur zombies
  5 orc priests
  6 hounds
  A bullfrog skeleton (D:7)
  A gnoll shaman (D:6)
  A centaur skeleton (D:8)
  5 jellies
  7 worker ants
  3 iguanas
  7 orc wizards
  2 hound zombies
  A mummy (D:7)
  A howler monkey zombie (D:8)
  12 gnolls
  23 adders
  4 shadow imps
  3 white imps
  4 ufetubi
  2 adder skeletons
  3 worms
  A dart slug (D:5)
  3 leopard geckos
  32 orcs
  20 bats
  3 giant cockroaches
  7 goblins
  7 hobgoblins
  31 jackals
  2 quokkas
  2 ball pythons (D:3)
  6 frilled lizards
  A hobgoblin zombie (D:7)
  A jackal zombie (D:7)
  17 kobolds
  3 kobold zombies (D:7)
  A quokka skeleton (D:4)
  6 rats
343 creatures vanquished.

Vanquished Creatures (others)
  2 kobolds (D:10)
  3 fungi (Lair:2)
  10 plants
15 creatures vanquished.

Grand Total: 358 creatures vanquished

Notes
Turn   | Place    | Note
-------+----------+-------------------------------------------
     0 | D:1      | DearestLeader the Merfolk Ice Elementalist began the quest
                  | for the Orb.
     0 | D:1      | Reached XP level 1. HP: 13/13 MP: 3/3
   268 | D:1      | Reached XP level 2. HP: 13/19 MP: 5/5
   468 | D:1      | Reached skill level 5 in Ice Magic
   880 | D:1      | Reached XP level 3. HP: 11/24 MP: 4/6
   887 | D:1      | Learned a level 3 spell: Frozen Ramparts
  1333 | D:2      | Found a white marble altar of Elyvilon.
  1333 | D:2      | Found a stormy altar of Qazlal.
  1334 | D:2      | Found a broken altar of Ashenzari.
  1335 | D:2      | Found an iron altar of Okawaru.
  1335 | D:2      | Found an ancient bone altar of Kikubaaqudgha.
  1335 | D:2      | Found a snail-covered altar of Cheibriados.
  1336 | D:2      | Found a shimmering blue altar of Sif Muna.
  1337 | D:2      | Found a bloodstained altar of Trog.
  2087 | D:3      | Reached XP level 4. HP: 22/30 MP: 5/7
  2224 | D:3      | Learned a level 3 spell: Ozocubu's Armour
  2332 | D:3      | Found a basalt altar of Yredelemnul.
  2764 | D:3      | Found a broken altar of Ashenzari.
  3157 | D:3      | Reached XP level 5. HP: 32/36 MP: 1/8
  3252 | D:4      | Reached skill level 1 in Fighting
  3311 | D:4      | Reached XP level 6. HP: 22/44 MP: 1/9
  4019 | D:5      | Entered Level 5 of the Dungeon
  4184 | D:5      | Noticed a phantom
  4209 | D:5      | Found a transporter.
  4211 | D:5      | Found a transporter.
  4212 | D:5      | Noticed stripedtigrrr's ghost (weakling SpDe)
  4216 | D:5      | Noticed Menkaure
  4241 | D:5      | Killed Menkaure
  4242 | D:5      | Reached XP level 7. HP: 22/52 MP: 2/10
  4983 | D:5      | Found a staircase to the Ecumenical Temple.
  4993 | Temple   | Entered the Ecumenical Temple
  5061 | Temple   | Became a worshipper of Vehumet
  5850 | D:6      | Reached XP level 8. HP: 60/60 MP: 8/11
  6256 | D:6      | Reached * piety under Vehumet
  6256 | D:6      | Offered knowledge of Magic Dart by Vehumet.
  6261 | D:6      | Reached skill level 5 in Dodging
  6267 | D:6      | Reached skill level 5 in Fighting
  7108 | D:7      | Reached skill level 1 in Polearms
  7108 | D:7      | Reached skill level 10 in Ice Magic
  7391 | D:7      | Reached skill level 3 in Polearms
  7522 | D:7      | Reached skill level 4 in Polearms
  7754 | D:7      | Found a glowing silver altar of Zin.
  7876 | D:7      | Noticed Duvessa
  7877 | D:7      | Noticed Dowan
  7883 | D:7      | Killed Duvessa
  7884 | D:7      | Reached skill level 5 in Polearms
  7884 | D:7      | Reached XP level 9. HP: 68/68 MP: 8/12
  7918 | D:7      | Killed Dowan
  7919 | D:7      | Reached skill level 6 in Polearms
  8232 | D:7      | Learned a level 4 spell: Summon Ice Beast
  8276 | D:7      | Reached skill level 7 in Polearms
  8405 | D:7      | Noticed Pikel
  8415 | D:7      | Killed Pikel
  8416 | D:7      | Reached skill level 9 in Polearms
  8761 | D:7      | Reached skill level 10 in Polearms
  8766 | D:7      | Reached skill level 11 in Polearms
  9206 | D:8      | Found a sacrificial altar of Ru.
  9237 | D:8      | Reached skill level 12 in Polearms
  9237 | D:8      | Reached ** piety under Vehumet
  9237 | D:8      | Offered knowledge of Shock by Vehumet.
  9409 | D:8      | Reached XP level 10. HP: 74/74 MP: 11/13
  9541 | D:8      | Reached skill level 13 in Polearms
 10344 | D:9      | Offered knowledge of Dazzling Flash by Vehumet.
 10440 | D:9      | Reached skill level 14 in Polearms
 10549 | D:9      | Paralysed by a floating eye for 2 turns
 10575 | D:9      | Noticed a deep elf mage
 10583 | D:9      | Killed a deep elf mage
 10586 | D:9      | Noticed a cyclops
 10771 | D:9      | Reached skill level 15 in Polearms
 10771 | D:9      | Reached *** piety under Vehumet
 11011 | D:9      | Killed a cyclops
 11153 | D:9      | Reached skill level 16 in Polearms
 11208 | D:9      | Offered knowledge of Static Discharge by Vehumet.
 11296 | D:9      | Found an ornate altar of the Wu Jian Council.
 11566 | D:10     | Entered Level 10 of the Dungeon
 11596 | D:10     | Reached XP level 11. HP: 79/80 MP: 14/14
 11601 | D:10     | Noticed a two-headed ogre
 11608 | D:10     | Killed a two-headed ogre
 11609 | D:10     | Reached skill level 17 in Polearms
 11796 | D:10     | Killed an unseen horror
 12027 | D:10     | Found a staircase to the Lair.
 12034 | D:10     | Reached **** piety under Vehumet
 12040 | D:10     | Reached skill level 18 in Polearms
 12166 | D:10     | Killed an unseen horror
 12359 | D:10     | Killed an unseen horror
 12545 | D:10     | Offered knowledge of Ignite Poison by Vehumet.
 12851 | Lair:1   | Entered Level 1 of the Lair of Beasts
 12888 | Lair:1   | Reached skill level 19 in Polearms
 14039 | Lair:1   | Noticed a six-headed hydra
 14056 | Lair:1   | Killed a six-headed hydra
 14601 | Lair:2   | Reached XP level 12. HP: 78/86 MP: 13/15
 14636 | Lair:2   | Found a staircase to the Snake Pit.
 14699 | Lair:2   | Reached skill level 20 in Polearms
 14830 | Lair:2   | Noticed a seven-headed hydra
 14841 | Lair:2   | Killed a seven-headed hydra
 15021 | Lair:2   | Noticed an eight-headed hydra
 15042 | Lair:2   | Killed an eight-headed hydra
 15413 | Lair:2   | Noticed a four-headed hydra
 15427 | Lair:2   | Killed a four-headed hydra
 15635 | Lair:2   | Noticed a boulder beetle
 15670 | Lair:2   | Killed a boulder beetle
 15886 | Lair:2   | Noticed an eight-headed hydra
 15905 | Lair:2   | Mangled by an eight-headed hydra

Illustrated notes

Levels and vault maps discovered:
D:1:      roderic_crossed_star, layout_loops_ring
D:2:      layout_basic, grunt_temple_overflow_open
D:3:      layout_loops_ring, overflow_temple_1_default, serial_park_tiny_pond,
          cheibrodos_ashenzari_chains
D:4:      layout_cave_pools, minmay_cut_off
D:5:      layout_basic, minmay_temple_entry_mini_moons,
          gammafunk_ghost_mausoleum, uniq_menkaure
D:6:      layout_cave_pods
D:7:      layout_basic, lemuel_coloured_pillars_altar, minmay_mini_ossuary,
          uniq_duvessa, uniq_pikel
D:8:      layout_basic, nicolae_ru_great_annihilating_truth
D:9:      minmay_slanted_spiral_squares, layout_rooms, basic_altar
D:10:     layout_loops_ring, erik_lair_orcish_takeover
Temple:   minmay_temple_curvy_loop
Lair:1:   layout_hall_layers, lemuel_old_faithful
Lair:2:   layout_gridlike, minmay_snake_entry_six_corridors

Skill      XL: |  1  2  3  4  5  6  7  8  9 10 11 12 |
---------------+-------------------------------------+-----
Ice Magic      | 5 6 7 8 9 10 | 10.1
Fighting       | 2 3 4 5 6 |  6.9
Dodging        | 4 5 7 8 |  8.8
Polearms       | 5 12 16 19 20 | 20.0
Spellcasting   | 4 |  4.1
Stealth        | |  2.1

Action                   |  1- 3 |  4- 6 |  7- 9 | 10-12 || total
-------------------------+-------+-------+-------+-------++-------
Melee: Mace              |    18 |       |       |       ||    18
       Dagger            |    86 |   124 |   163 |       ||   373
       Glaive            |       |       |   114 |   358 ||   472
       Trident           |       |       |       |    10 ||    10
 Cast: Freeze            |     6 |    18 |     3 |    34 ||    61
       Frozen Ramparts   |       |     9 |    24 |    31 ||    64
       Ozocubu's Armour  |       |       |     3 |    10 ||    13
  Use: Scroll            |       |     2 |     9 |     8 ||    19
 Stab: Sleeping          |     5 |     5 |     8 |     4 ||    22
       Distracted        |       |       |     1 |     1 ||     2
Armor: Robe              |    31 |    51 |    70 |       ||   152
       Leather armour    |       |       |    12 |    95 ||   107
Dodge: Dodged            |   101 |    93 |   207 |   185 ||   586
Block: Other             |       |       |     3 |    55 ||    58
       Reflection        |       |       |       |     2 ||     2
